[Event "POL-chT 1st League 2020"]
[Site "Ustron"]
[Date "2020.09.05"]
[Round "1.2"]
[White "Rawicz, Karol"]
[Black "Mis, Mieszko"]
[Result "0-1"]
[ECO "E47"]
[WhiteElo "2225"]
[BlackElo "2350"]
[Annotator "ChessBase"]
[PlyCount "68"]
[EventDate "2020.09.05"]
[EventType "team-tourn"]
[EventCountry "POL"]
[SourceTitle "playchess.com"]
[Source "ChessBase"]
[SourceQuality "1"]
[TimeControl "40/5400+30:1800+30"]

1. d4 Nf6 2. c4 e6 3. Nc3 Bb4 4. e3 O-O 5. Bd3 c5 6. Nge2 d5 7. cxd5 cxd4 8. exd4 Nxd5 9. O-O Nc6 10. Bc2 Nf6 11. Qd3 Ne7 12. Bg5 Ng6 13. h4 Qa5 14. Bxf6 gxf6 15. d5 Rd8 16. h5 Nf8 17. Ne4 Nd7 18. dxe6 fxe6 19. Rad1 Be7 20. Nf4 Nf8 21. Qg3+ Kf7 22. h6 Rxd1 23. Rxd1 Qe5 24. Qf3 Bd7 25. Nd3 Qc7 26. Bb3 Rd8 27. Qh5+ Ng6 28. Qf5 Kf8 29. Bxe6 Qc2 30. Rd2 Qb1+ 31. Kh2 Bxe6 32. Qxe6 Rxd3 33. Nxf6 Bd6+ 34. g3 Bxg3+ 0-1

[Event "POL-chT 1st League 2020"]
[Site "Ustron"]
[Date "2020.09.05"]
[Round "1.3"]
[White "Kozak, Antoni"]
[Black "Klepek, Witold"]
[Result "1-0"]
[ECO "A13"]
[WhiteElo "2347"]
[BlackElo "2159"]
[Annotator "ChessBase"]
[PlyCount "99"]
[EventDate "2020.09.05"]
[EventType "team-tourn"]
[EventCountry "POL"]
[SourceTitle "playchess.com"]
[Source "ChessBase"]
[SourceQuality "1"]
[TimeControl "40/5400+30:1800+30"]

1. c4 Nf6 2. Nf3 e6 3. g3 d5 4. Bg2 dxc4 5. Qa4+ Bd7 6. Qxc4 c5 7. Ne5 Qc8 8. b3 Nc6 9. Nxd7 Qxd7 10. Bb2 Be7 11. d3 O-O 12. Nd2 Rac8 13. Rd1 Nd5 14. O-O Rfd8 15. Rfe1 a6 16. Qc1 b5 17. Qa1 f6 18. h4 Bf8 19. Bh3 Re8 20. Rc1 Qa7 21. a3 Qb6 22. e3 Rcd8 23. Ne4 e5 24. Rc2 Kh8 25. Qa2 Qa5 26. Qb1 Qb6 27. Rec1 Na5 28. Nxc5 Bxc5 29. Rxc5 Nxb3 30. Rc6 Qa7 31. Re1 Nc5 32. Qc2 Na4 33. Ba1 Qe7 34. Qc1 b4 35. Qc2 Ndb6 36. axb4 Qxb4 37. Rb1 Qa3 38. d4 e4 39. d5 Rxd5 40. Bd4 Rxd4 41. exd4 e3 42. Rcxb6 Nxb6 43. Rxb6 Qa1+ 44. Kh2 Qxd4 45. Re6 Rd8 46. Rxe3 a5 47. Qc6 g6 48. Re8+ Rxe8 49. Qxe8+ Kg7 50. Qe7+ 1-0

[Event "POL-chT 1st League 2020"]
[Site "Ustron"]
[Date "2020.09.05"]
[Round "1.4"]
[White "Milanowski, Jan"]
[Black "Chyzy, Jakub"]
[Result "0-1"]
[ECO "A45"]
[WhiteElo "1751"]
[BlackElo "2249"]
[Annotator "ChessBase"]
[PlyCount "69"]
[EventDate "2020.09.05"]
[EventType "team-tourn"]
[EventCountry "POL"]
[SourceTitle "playchess.com"]
[Source "ChessBase"]
[SourceQuality "1"]
[TimeControl "40/5400+30:1800+30"]

1. d4 Nf6 2. Bf4 d6 3. e3 Nbd7 4. Nf3 Nh5 5. Bg5 h6 6. Bh4 g5 7. Bg3 Bg7 8. c3 f5 9. Nfd2 Nxg3 10. hxg3 Nf6 11. Bc4 d5 12. Be2 O-O 13. Nf3 Ng4 14. Nbd2 Qd6 15. Qb3 c6 16. a4 Be6 17. a5 Rab8 18. Qc2 Rbe8 19. Bd3 Bc8 20. Nb3 e5 21. dxe5 Nxe5 22. Nxe5 Qxe5 23. Kf1 f4 24. gxf4 gxf4 25. exf4 Qxf4 26. Re1 Rxe1+ 27. Kxe1 b6 28. axb6 axb6 29. Qd2 Qg4 30. Kf1 c5 31. Bc2 d4 32. cxd4 c4 33. Bd1 Qd7 34. Nc1 Qxd4 35. Kg1 0-1

[Event "POL-chT 1st League 2020"]
[Site "Ustron"]
[Date "2020.09.05"]
[Round "1.5"]
[White "Czernek, Tymon"]
[Black "Sapeta, Robert"]
[Result "1-0"]
[ECO "C16"]
[WhiteElo "2267"]
[BlackElo "1882"]
[Annotator "ChessBase"]
[PlyCount "99"]
[EventDate "2020.09.05"]
[EventType "team-tourn"]
[EventCountry "POL"]
[SourceTitle "playchess.com"]
[Source "ChessBase"]
[SourceQuality "1"]
[TimeControl "40/5400+30:1800+30"]

1. e4 e6 2. d4 d5 3. Nc3 Bb4 4. e5 b6 5. a3 Bf8 6. Qg4 Ba6 7. Bxa6 Nxa6 8. Nge2 Qd7 9. O-O h5 10. Qg3 Ne7 11. Qd3 Nb8 12. b4 a6 13. b5 axb5 14. Nxb5 Ra4 15. Nec3 Rc4 16. a4 Nbc6 17. Be3 Nf5 18. Rfc1 Bb4 19. Nd1 Na5 20. Rcb1 f6 21. c3 Be7 22. exf6 gxf6 23. Nb2 Rg8 24. Nxc4 Nxc4 25. Bc1 c6 26. Na3 Bxa3 27. Bxa3 Qg7 28. Qh3 Kd7 29. a5 b5 30. a6 Qg6 31. Re1 Ra8 32. Bc1 b4 33. cxb4 Nxd4 34. Bf4 Qg4 35. Qxg4 hxg4 36. Ra2 e5 37. Be3 Ne6 38. Bc5 Nxc5 39. bxc5 Ra7 40. Rb1 Kc7 41. h4 gxh3 42. gxh3 e4 43. h4 Ne5 44. h5 Nd3 45. h6 Nxc5 46. h7 Ra8 47. a7 Nd7 48. Rb8 Nxb8 49. h8=Q Rxa7 50. Rxa7+ 1-0

[Event "POL-chT 1st League 2020"]
[Site "Ustron"]
[Date "2020.09.05"]
[Round "1.6"]
[White "Marcinczyk, Monika"]
[Black "Wikar, Martyna"]
[Result "1-0"]
[ECO "B92"]
[WhiteElo "1934"]
[BlackElo "2045"]
[Annotator "ChessBase"]
[PlyCount "137"]
[EventDate "2020.09.05"]
[EventType "team-tourn"]
[EventCountry "POL"]
[SourceTitle "playchess.com"]
[Source "ChessBase"]
[SourceQuality "1"]
[TimeControl "40/5400+30:1800+30"]

1. e4 c5 2. Nf3 d6 3. d4 cxd4 4. Nxd4 Nf6 5. Nc3 a6 6. Be2 e5 7. Nb3 Be7 8. Be3 Be6 9. O-O O-O 10. Qd2 Nbd7 11. a4 Rc8 12. a5 Qc7 13. Rfd1 Qc6 14. Bf3 Qc7 15. Nc1 b5 16. axb6 Nxb6 17. Bxb6 Qxb6 18. Nd3 Rfd8 19. Qe1 Bc4 20. b3 Be6 21. Na4 Qb7 22. Ra2 Bd7 23. Qb4 Bc6 24. Qxb7 Bxb7 25. Re1 Rb8 26. Nab2 Nd7 27. Bg4 Nf6 28. Bf3 Nd7 29. Nb4 Nc5 30. N2d3 Rdc8 31. Bg4 Rc7 32. f3 Bg5 33. Nxc5 Rxc5 34. c4 g6 35. Rd1 Be3+ 36. Kf1 Bd4 37. Nc2 Bc8 38. Bxc8 Rcxc8 39. Nxd4 exd4 40. Ra3 Rb6 41. Rxd4 Kg7 42. Ke2 Kf6 43. Kd2 Ke6 44. Kc3 f5 45. exf5+ gxf5 46. Rh4 Rg8 47. Ra2 Rgb8 48. Kd4 Rxb3 49. Rh6+ Ke7 50. Rxa6 Rb2 51. Rxh7+ Ke6 52. Rh6+ Kf7 53. Raxd6 Rxg2 54. Ke5 Rc8 55. Rd4 Rc5+ 56. Kd6 Ra5 57. c5 Rc2 58. Rh7+ Kg6 59. Rc7 Rxh2 60. c6 Rc2 61. Rc8 Rac5 62. Kd7 Kf6 63. f4 Kg7 64. Rd6 R2c4 65. c7 Rc3 66. Kd8 Rc2 67. Rd7+ Kf8 68. Rb8 Re2 69. Rd3 1-0

[Event "POL-chT 1st League 2020"]
[Site "Ustron"]
[Date "2020.09.05"]
[Round "1.10"]
[White "Godzwon, Iwo"]
[Black "Kokoszczynski, Jan"]
[Result "0-1"]
[ECO "B12"]
[WhiteElo "2317"]
[BlackElo "2231"]
[Annotator "ChessBase"]
[PlyCount "106"]
[EventDate "2020.09.05"]
[EventType "team-tourn"]
[EventCountry "POL"]
[SourceTitle "playchess.com"]
[Source "ChessBase"]
[SourceQuality "1"]
[TimeControl "40/5400+30:1800+30"]

1. e4 c6 2. d4 d5 3. e5 c5 4. dxc5 e6 5. Nf3 Bxc5 6. a3 Nc6 7. b4 Bb6 8. Bb2 f6 9. Bd3 fxe5 10. Nxe5 Qg5 11. Qg4 Qxg4 12. Nxg4 Nf6 13. Nxf6+ gxf6 14. f4 e5 15. fxe5 fxe5 16. Nc3 Be6 17. Na4 Be3 18. Ke2 Bh6 19. Nc5 Bg4+ 20. Ke1 b6 21. Bb5 Rc8 22. Nd3 O-O 23. Rf1 Nd4 24. Rxf8+ Kxf8 25. Bxd4 exd4 26. Ba4 Be3 27. Bb3 Ke7 28. b5 Kd6 29. a4 Bf5 30. Ke2 Rc3 31. Rb1 Be4 32. Ne1 Rc7 33. Rd1 Rf7 34. Nf3 Bxf3+ 35. gxf3 Rg7 36. c3 Rg2+ 37. Kd3 Rxh2 38. cxd4 Bf4 39. Rg1 Rf2 40. Rg7 Rxf3+ 41. Kc2 Be3 42. Rxh7 Bxd4 43. Ba2 Rf2+ 44. Kb3 Rf3+ 45. Kc2 Bf6 46. Rxa7 d4 47. Rf7 d3+ 48. Kd2 Kc5 49. Be6 Kb4 50. Bd5 Bc3+ 51. Kd1 Re3 52. Rf4+ Ka3 53. Rf1 d2 0-1

[Event "POL-chT 1st League 2020"]
[Site "Ustron"]
[Date "2020.09.05"]
[Round "1.11"]
[White "Praczukowski, Stanislaw"]
[Black "Kowalczyk, Pawel"]
[Result "0-1"]
[ECO "C07"]
[WhiteElo "2173"]
[BlackElo "2339"]
[Annotator "ChessBase"]
[PlyCount "122"]
[EventDate "2020.09.05"]
[EventType "team-tourn"]
[EventCountry "POL"]
[SourceTitle "playchess.com"]
[Source "ChessBase"]
[SourceQuality "1"]
[TimeControl "40/5400+30:1800+30"]

1. e4 e6 2. d4 d5 3. Nd2 c5 4. Ngf3 Nf6 5. exd5 Nxd5 6. dxc5 Bxc5 7. Ne4 Be7 8. c3 Nc6 9. Bd3 O-O 10. O-O e5 11. Bc4 Nb6 12. Qxd8 Rxd8 13. Bb3 h6 14. Be3 Bg4 15. Rfd1 Kf8 16. h3 Bxf3 17. gxf3 Na5 18. Bxb6 axb6 19. Bd5 f5 20. Ng3 g6 21. b4 Nc6 22. a4 Rd6 23. Bb3 Rad8 24. Rxd6 Bxd6 25. Rd1 Ke7 26. Nf1 Bc7 27. Ne3 Rxd1+ 28. Bxd1 Nd8 29. Bb3 Ne6 30. Nd5+ Kd6 31. Kf1 Bd8 32. Ba2 Ng5 33. Kg2 Ne6 34. Kf1 h5 35. Kg2 Bg5 36. Kf1 Bd2 37. Ke2 Bh6 38. Kf1 e4 39. Kg2 Ke5 40. fxe4 fxe4 41. Kh2 Bf4+ 42. Kg2 Bd2 43. Kh2 Ng5 44. Kg2 Nf3 45. Kf1 g5 46. Kg2 h4 47. Bb3 Ne1+ 48. Kg1 Nd3 49. Nxb6 Bxc3 50. b5 Be1 51. Nc4+ Kd4 52. a5 Bxf2+ 53. Kf1 Kc3 54. Ba2 Bc5 55. a6 bxa6 56. b6 Nb4 57. b7 Ba7 58. Ne5 Kd4 59. Nd7 Nxa2 60. b8=Q Bxb8 61. Nxb8 Nb4 0-1

[Event "POL-chT 1st League 2020"]
[Site "Ustron"]
[Date "2020.09.05"]
[Round "1.12"]
[White "Starosta, Martyna"]
[Black "Moscicka, Pola"]
[Result "0-1"]
[ECO "B34"]
[WhiteElo "2038"]
[BlackElo "1880"]
[Annotator "ChessBase"]
[PlyCount "92"]
[EventDate "2020.09.05"]
[EventType "team-tourn"]
[EventCountry "POL"]
[SourceTitle "playchess.com"]
[Source "ChessBase"]
[SourceQuality "1"]
[TimeControl "40/5400+30:1800+30"]

1. e4 c5 2. Nf3 Nc6 3. d4 cxd4 4. Nxd4 Nf6 5. Nc3 e5 6. Ndb5 d6 7. Nd5 Nxd5 8. exd5 Nb8 9. a4 Be7 10. Be2 O-O 11. O-O Nd7 12. Kh1 a6 13. Na3 f5 14. f4 exf4 15. Bxf4 Nc5 16. Nc4 a5 17. Be3 b6 18. b4 axb4 19. a5 Bf6 20. Nxb6 Bxa1 21. Qxa1 Ra7 22. Qb2 Qe7 23. Qd4 Rxa5 24. Nc4 Ra2 25. Nxd6 Qxd6 26. Qxc5 Qxc5 27. Bxc5 Rd8 28. Bd3 Ba6 29. Bxa6 Rxa6 30. Bxb4 Rxd5 31. h3 Rc6 32. Rf2 Kf7 33. Kh2 Ke6 34. Re2+ Re5 35. Rd2 g5 36. Bf8 h5 37. Bg7 Re4 38. c3 f4 39. Rb2 g4 40. hxg4 hxg4 41. Bd4 Kd5 42. Rb5+ Kc4 43. Rh5 Kd3 44. Rh4 Rg6 45. Rh5 g3+ 46. Kh3 Re1 0-1

[Event "POL-chT 1st League 2020"]
[Site "Ustron"]
[Date "2020.09.05"]
[Round "1.15"]
[White "Olsen, Filip Boe"]
[Black "Koziol, Kamil"]
[Result "1-0"]
[ECO "D02"]
[WhiteElo "2351"]
[BlackElo "2296"]
[Annotator "ChessBase"]
[PlyCount "97"]
[EventDate "2020.09.05"]
[EventType "team-tourn"]
[EventCountry "POL"]
[SourceTitle "playchess.com"]
[Source "ChessBase"]
[SourceQuality "1"]
[TimeControl "40/5400+30:1800+30"]

1. d4 d5 2. Nf3 Nf6 3. Bf4 e6 4. e3 c5 5. Nbd2 Nc6 6. c3 Bd6 7. Bg3 Qe7 8. Ne5 Nd7 9. Nxc6 bxc6 10. Qa4 Bb7 11. Ba6 Nb6 12. Qa3 Bxa6 13. Qxa6 O-O 14. Qa3 Bxg3 15. hxg3 Rfb8 16. O-O-O a5 17. Rh4 Rb7 18. dxc5 Nd7 19. Nb3 Rb5 20. Nd4 Rxc5 21. Nxc6 Qd6 22. Nd4 Ne5 23. Nf3 Nxf3 24. gxf3 Rac8 25. Rc4 Qb6 26. Rxc5 Rxc5 27. Qa4 Rc8 28. f4 g6 29. Qd4 Qb5 30. Qd3 Qa4 31. Kb1 h5 32. b3 Qa3 33. Qd4 Rb8 34. g4 hxg4 35. Rh1 f6 36. Qxf6 Rxb3+ 37. axb3 Qxb3+ 38. Kc1 Qa3+ 39. Kd2 Qa2+ 40. Kd3 Qc4+ 41. Kd2 Qa2+ 42. Ke1 Qb1+ 43. Ke2 Qb5+ 44. Kd2 Qb2+ 45. Kd3 Qb5+ 46. Kc2 Qa4+ 47. Kb2 Qb5+ 48. Kc1 a4 49. Rh8# 1-0

[Event "POL-chT 1st League 2020"]
[Site "Ustron"]
[Date "2020.09.05"]
[Round "1.17"]
[White "Tymrakiewicz, Rafal"]
[Black "Tomaszewski, Kacper"]
[Result "1/2-1/2"]
[ECO "A45"]
[WhiteElo "2245"]
[BlackElo "2341"]
[Annotator "ChessBase"]
[PlyCount "57"]
[EventDate "2020.09.05"]
[EventType "team-tourn"]
[EventCountry "POL"]
[SourceTitle "playchess.com"]
[Source "ChessBase"]
[SourceQuality "1"]
[TimeControl "40/5400+30:1800+30"]

1. d4 Nf6 2. Bg5 d6 3. c4 c5 4. Nc3 cxd4 5. Qxd4 Nc6 6. Qd2 h6 7. Bxf6 gxf6 8. Nf3 f5 9. g3 Bg7 10. Bg2 O-O 11. O-O Qa5 12. Rac1 Be6 13. b3 Rfc8 14. e3 Rab8 15. Rfd1 a6 16. Nh4 Ne5 17. Nd5 Qxd2 18. Rxd2 Kf8 19. Nb6 Rc7 20. Rcd1 Bf6 21. Nf3 Nxf3+ 22. Bxf3 Be5 23. Bg2 Ke8 24. Rd3 Rc5 25. Kf1 Kd8 26. Kg1 Ke8 27. R1d2 Rc7 28. Rd1 Rc5 29. R1d2 1/2-1/2

[Event "POL-chT 1st League 2020"]
[Site "Ustron"]
[Date "2020.09.05"]
[Round "1.18"]
[White "Kucharska, Honorata"]
[Black "Kubicka, Anna"]
[Result "1/2-1/2"]
[ECO "A46"]
[WhiteElo "2237"]
[BlackElo "2264"]
[Annotator "ChessBase"]
[PlyCount "98"]
[EventDate "2020.09.05"]
[EventType "team-tourn"]
[EventCountry "POL"]
[SourceTitle "playchess.com"]
[Source "ChessBase"]
[SourceQuality "1"]
[TimeControl "40/5400+30:1800+30"]

1. d4 Nf6 2. Nf3 e6 3. g3 c5 4. Bg2 Nc6 5. O-O d5 6. c3 Be7 7. Nbd2 cxd4 8. cxd4 O-O 9. Nb3 b6 10. Ne5 Nxe5 11. dxe5 Nd7 12. f4 Ba6 13. Be3 Rc8 14. Nd4 Bc5 15. Qd2 Qe7 16. a3 Bxd4 17. Bxd4 Nc5 18. Qe3 Bc4 19. Rad1 Nb3 20. g4 Rfe8 21. Kh1 Nxd4 22. Rxd4 Ba6 23. Qd2 Rc4 24. Rxc4 Bxc4 25. Rd1 Qh4 26. Bf3 Qf2 27. Qd4 Qxd4 28. Rxd4 f6 29. Kg2 Kf7 30. e4 fxe5 31. fxe5 Rd8 32. Kg3 g5 33. Kf2 Ke7 34. Ke3 dxe4 35. Rxd8 Kxd8 36. Bxe4 h6 37. Bf3 Kc7 38. Kd4 Bb5 39. Bd1 Bf1 40. b4 Bg2 41. Be2 Bc6 42. Bc4 Kd7 43. Be2 Ba4 44. Bf3 Bb3 45. Be2 Ba4 46. Bf3 Bb5 47. Bd1 Bf1 48. Bf3 Kc7 49. Bd1 Bg2 1/2-1/2

[Event "POL-chT 1st League 2020"]
[Site "Ustron"]
[Date "2020.09.05"]
[Round "1.21"]
[White "Budrewicz, Krzysztof"]
[Black "Ciesla, Adam"]
[Result "1-0"]
[ECO "A40"]
[WhiteElo "2227"]
[BlackElo "2294"]
[Annotator "ChessBase"]
[PlyCount "87"]
[EventDate "2020.09.05"]
[EventType "team-tourn"]
[EventCountry "POL"]
[SourceTitle "playchess.com"]
[Source "ChessBase"]
[SourceQuality "1"]
[TimeControl "40/5400+30:1800+30"]

1. d4 g6 2. c4 Bg7 3. Nc3 c5 4. d5 d6 5. e4 e6 6. Bd3 Ne7 7. h4 exd5 8. cxd5 h6 9. h5 a6 10. a4 Nd7 11. hxg6 fxg6 12. f4 Nf6 13. Nf3 Ng4 14. Nh2 h5 15. Nf3 Bd7 16. g3 Rc8 17. Qe2 c4 18. Bc2 b5 19. axb5 axb5 20. Ra6 Ra8 21. Rxd6 b4 22. e5 bxc3 23. bxc3 Qa5 24. O-O Bf5 25. Bxf5 Nxf5 26. Re6+ Kd7 27. Rxg6 Qc5+ 28. Nd4 Rhg8 29. Rd1 Bh6 30. Rc6 Qa7 31. e6+ Ke8 32. Qxc4 Nge3 33. Bxe3 Rxg3+ 34. Kf2 Rg2+ 35. Ke1 Nxe3 36. Rc8+ Ke7 37. Rc7+ Kf6 38. Rxa7 Rxa7 39. Qd3 Bxf4 40. Ne2 Ra2 41. Qd4+ Ke7 42. d6+ Kxe6 43. Nxf4+ Kd7 44. Qxe3 1-0

[Event "POL-chT 1st League 2020"]
[Site "Ustron"]
[Date "2020.09.05"]
[Round "1.22"]
[White "Tomaszewski, Roman"]
[Black "Reza, Wojciech"]
[Result "0-1"]
[ECO "A19"]
[WhiteElo "2206"]
[BlackElo "2273"]
[Annotator "ChessBase"]
[PlyCount "126"]
[EventDate "2020.09.05"]
[EventType "team-tourn"]
[EventCountry "POL"]
[SourceTitle "playchess.com"]
[Source "ChessBase"]
[SourceQuality "1"]
[TimeControl "40/5400+30:1800+30"]

1. c4 Nf6 2. Nc3 e6 3. e4 c5 4. e5 Ng8 5. Nf3 Nc6 6. d4 cxd4 7. Nxd4 Nxe5 8. Ndb5 a6 9. Nd6+ Bxd6 10. Qxd6 f6 11. Be3 Ne7 12. Bb6 Nf5 13. Bxd8 Nxd6 14. Bc7 Ke7 15. c5 Ne8 16. Bxe5 fxe5 17. Na4 Rb8 18. Nb6 d5 19. cxd6+ Nxd6 20. Rc1 Rd8 21. Rc7+ Kf6 22. Be2 Ne8 23. Rc3 Bd7 24. Rf3+ Ke7 25. Re3 Bc6 26. Bf3 Bxf3 27. Rxf3 Rd6 28. Nc4 Rc6 29. b3 Nd6 30. O-O Nxc4 31. bxc4 Rxc4 32. Rb1 b5 33. Ra3 Rb6 34. Re1 Rbc6 35. Rg3 Kf6 36. Rf3+ Rf4 37. Ra3 Re4 38. Rb1 Rec4 39. Kf1 e4 40. Rb2 Ke5 41. Rd2 Rc1+ 42. Ke2 Rg1 43. g3 Rcc1 44. Ke3 Rge1+ 45. Re2 Rxe2+ 46. Kxe2 Rc6 47. Ke3 Kd5 48. Ra5 h6 49. h4 Rd6 50. Ra3 e5 51. h5 Rf6 52. Ke2 Kd4 53. Ke1 Rc6 54. Kd2 Rd6 55. Kc2 Rf6 56. Kd1 Rxf2 57. Rxa6 Rf5 58. Ke2 Rxh5 59. Rd6+ Kc5 60. Rd7 Rg5 61. Kf2 e3+ 62. Kf3 e2 63. Rc7+ Kd4 0-1

[Event "POL-chT 1st League 2020"]
[Site "Ustron"]
[Date "2020.09.05"]
[Round "1.23"]
[White "Renkowski, Piotr"]
[Black "Flis, Jacek"]
[Result "1/2-1/2"]
[ECO "E91"]
[WhiteElo "2149"]
[BlackElo "2214"]
[Annotator "ChessBase"]
[PlyCount "74"]
[EventDate "2020.09.05"]
[EventType "team-tourn"]
[EventCountry "POL"]
[SourceTitle "playchess.com"]
[Source "ChessBase"]
[SourceQuality "1"]
[TimeControl "40/5400+30:1800+30"]

1. d4 Nf6 2. c4 g6 3. Nc3 Bg7 4. e4 d6 5. Nf3 O-O 6. Be2 Nbd7 7. O-O e5 8. Qc2 c6 9. Rd1 Qe7 10. Rb1 Re8 11. dxe5 Nxe5 12. h3 Nxf3+ 13. Bxf3 Be6 14. b3 d5 15. cxd5 cxd5 16. Bg5 Qc7 17. Qd3 dxe4 18. Nxe4 Nxe4 19. Bxe4 Qa5 20. Qg3 Rac8 21. Bxb7 Rc2 22. a4 Rc3 23. Bd2 Rxg3 24. Bxa5 Rxb3 25. Bc6 Rc8 26. Bb5 h5 27. Kf1 Rxb1 28. Rxb1 Bc4+ 29. Ke1 Rb8 30. Rd1 Bxb5 31. axb5 Rxb5 32. Rd8+ Kh7 33. Bd2 Re5+ 34. Kd1 Rf5 35. Ke2 Re5+ 36. Kd1 Rf5 37. Ke2 Re5+ 1/2-1/2

[Event "POL-chT 1st League 2020"]
[Site "Ustron"]
[Date "2020.09.05"]
[Round "1.24"]
[White "Lach, Aleksandra"]
[Black "Dwilewicz, Katarzyna"]
[Result "1-0"]
[ECO "C50"]
[WhiteElo "2188"]
[BlackElo "2134"]
[Annotator "NA"]
[PlyCount "69"]
[EventDate "2020.09.05"]
[EventType "team-tourn"]
[EventCountry "POL"]
[SourceTitle "playchess.com"]
[Source "ChessBase"]
[SourceQuality "1"]
[TimeControl "40/5400+30:1800+30"]

1. e4 e5 2. Nf3 Nc6 3. Bc4 Bc5 4. O-O Nf6 5. d3 d6 6. c3 a6 7. a4 Ba7 8. Re1 h6 9. Nbd2 O-O 10. h3 Ne7 11. Bb3 Ng6 12. d4 Re8 13. Bc2 Nh5 14. Nc4 Be6 15. Ne3 Nhf4 16. Nf5 Qf6 17. Be3 Rad8 18. Qc1 Bb8 19. g3 Nd5 20. Bxh6 gxh6 21. Nxh6+ Kg7 22. exd5 Bxh3 23. Ng5 Rh8 24. Nhxf7 Rdf8 25. Bxg6 Qxg6 26. Nxh8 Rxh8 27. Nxh3 Rxh3 28. Kg2 Qg4 29. Qe3 Ba7 30. Rh1 Rxh1 31. Rxh1 Qg6 32. Rh4 exd4 33. Qe7+ Kg8 34. Qd8+ Kf7 35. Rf4+ 1-0

[Event "POL-chT 1st League 2020"]
[Site "Ustron"]
[Date "2020.09.05"]
[Round "1.30"]
[White "Czerwinska, Milena"]
[Black "Przezdziecka, Ewa"]
[Result "0-1"]
[ECO "B15"]
[WhiteElo "2010"]
[BlackElo "2166"]
[Annotator "ChessBase"]
[PlyCount "104"]
[EventDate "2020.09.05"]
[EventType "team-tourn"]
[EventCountry "POL"]
[SourceTitle "playchess.com"]
[Source "ChessBase"]
[SourceQuality "1"]
[TimeControl "40/5400+30:1800+30"]

1. e4 c6 2. d4 d5 3. Nd2 dxe4 4. Nxe4 Nf6 5. Nxf6+ exf6 6. Bf4 Bd6 7. Qd2 Qe7+ 8. Be3 Bf5 9. Bd3 Bxd3 10. Qxd3 Na6 11. a3 O-O 12. Ne2 Nc7 13. c4 Rad8 14. Qc2 Ne6 15. O-O Bb8 16. Rfd1 Rfe8 17. Rac1 Ng5 18. Ng3 g6 19. d5 h5 20. h4 Nh3+ 21. gxh3 Bxg3 22. fxg3 Qxe3+ 23. Qf2 cxd5 24. cxd5 Rxd5 25. Qxe3 Rxd1+ 26. Rxd1 Rxe3 27. Kf2 Rb3 28. Rd2 f5 29. Kg2 Kg7 30. Rc2 Kf6 31. Re2 Rd3 32. Kh2 f4 33. Rf2 Ke6 34. Re2+ Re3 35. Rc2 Rxg3 36. Rc4 Rb3 37. Rxf4 Rxb2+ 38. Kg1 Rb3 39. Ra4 a6 40. Kg2 Ke5 41. Kh2 Rd3 42. Kg2 Rd4 43. Ra5+ Kf4 44. Rc5 Rd2+ 45. Kg1 Kg3 46. Rc3+ Kxh4 47. Rc7 b5 48. Rxf7 Rd3 49. Rf6 Rxa3 50. Kg2 g5 51. Rd6 Ra2+ 52. Kf3 Kxh3 0-1

[Event "POL-chT 1st League 2020"]
[Site "Ustron"]
[Date "2020.09.06"]
[Round "2.4"]
[White "Szyszylo, Rafal"]
[Black "Klepek, Witold"]
[Result "0-1"]
[ECO "C02"]
[WhiteElo "2188"]
[BlackElo "2159"]
[Annotator "RC"]
[PlyCount "92"]
[EventDate "2020.09.05"]
[EventType "team-tourn"]
[EventCountry "POL"]
[SourceTitle "playchess.com"]
[Source "ChessBase"]
[SourceQuality "1"]
[TimeControl "40/5400+30:1800+30"]

1. e4 e6 2. d4 d5 3. e5 c5 4. c3 Nc6 5. Nf3 Bd7 6. a3 c4 7. g3 Na5 8. Nbd2 Bc6 9. Bg2 Qd7 10. O-O Ba4 11. Qe2 O-O-O 12. Ne1 Kb8 13. f4 Ne7 14. Rf2 Nec6 15. Nf1 Nb3 16. Rb1 Ncxd4 17. cxd4 Nxd4 18. Qh5 g6 19. Qh3 Nb3 20. Rf3 Bc5+ 21. Kh1 Qb5 22. Bd2 d4 23. g4 d3 24. f5 Nd4 25. fxe6 Nxf3 26. Nxf3 fxe6 27. Bc3 Qa6 28. N1d2 Bc6 29. Ng5 Rdf8 30. Nge4 Be7 31. Nf6 g5 32. Bxc6 Qxc6+ 33. Qg2 Rc8 34. Re1 h6 35. Re4 b5 36. Qf2 Bc5 37. Bd4 Rhd8 38. Bxc5 Qxc5 39. Qf3 c3 40. bxc3 Qxc3 41. Rb4 Qc1+ 42. Nf1 a6 43. Ne4 d2 44. Qf2 Qxf1+ 45. Qxf1 d1=Q 46. Kg2 Rc2+ 0-1

[Event "POL-chT 1st League 2020"]
[Site "Ustron"]
[Date "2020.09.06"]
[Round "2.27"]
[White "Kozak, Antoni"]
[Black "Sanz Wawer, Daniel"]
[Result "1/2-1/2"]
[ECO "B13"]
[WhiteElo "2347"]
[BlackElo "2325"]
[Annotator "RC"]
[PlyCount "68"]
[EventDate "2020.09.05"]
[EventType "team-tourn"]
[EventCountry "POL"]
[SourceTitle "playchess.com"]
[Source "ChessBase"]
[SourceQuality "1"]
[TimeControl "40/5400+30:1800+30"]

1. e4 c6 2. d4 d5 3. exd5 cxd5 4. Bd3 Nc6 5. c3 Nf6 6. Bf4 Bg4 7. Qb3 Qc8 8. Nd2 e6 9. Ngf3 Be7 10. O-O O-O 11. Ne5 Bh5 12. Ndf3 Nxe5 13. Nxe5 Nd7 14. Qc2 Nxe5 15. Bxh7+ Kh8 16. dxe5 Qc4 17. Be3 g6 18. f3 Kxh7 19. g4 Bxg4 20. fxg4 Qxg4+ 21. Kh1 f5 22. exf6 Rxf6 23. Rxf6 Bxf6 24. Rf1 Rf8 25. Bxa7 Bg7 26. Rxf8 Bxf8 27. Bd4 Bh6 28. Qb3 Qe4+ 29. Kg1 Be3+ 30. Bxe3 Qxe3+ 31. Kg2 Qe2+ 32. Kg3 Qe3+ 33. Kg2 Qe2+ 34. Kg3 Qe3+ 1/2-1/2

[Event "POL-chT 1st League 2020"]
[Site "Ustron"]
[Date "2020.09.07"]
[Round "3.2"]
[White "Wiewiora, Eneasz"]
[Black "Chylewski, Patryk"]
[Result "1/2-1/2"]
[ECO "B22"]
[WhiteElo "2346"]
[BlackElo "2324"]
[Annotator "ChessBase"]
[PlyCount "32"]
[EventDate "2020.09.05"]
[EventType "team-tourn"]
[EventCountry "POL"]
[SourceTitle "playchess.com"]
[Source "ChessBase"]
[SourceQuality "1"]
[WhiteTeam "SSz Gminy Pawlowice"]
[BlackTeam "KS LAURA Chylice"]
[WhiteTeamCountry "POL"]
[BlackTeamCountry "POL"]
[TimeControl "40/5400+30:1800+30"]

1. e4 c5 2. c3 Nf6 3. e5 Nd5 4. d4 cxd4 5. cxd4 e6 6. Nf3 d6 7. a3 Bd7 8. Bd3 Bc6 9. O-O Nd7 10. Qe2 dxe5 11. Nxe5 Nxe5 12. dxe5 Qh4 13. Bd2 a6 14. Nc3 Nxc3 15. Bxc3 Bc5 16. g3 Qe7 1/2-1/2

[Event "POL-chT 1st League 2020"]
[Site "Ustron"]
[Date "2020.09.07"]
[Round "3.3"]
[White "Kokoszczynski, Jan"]
[Black "Rawicz, Karol"]
[Result "1/2-1/2"]
[ECO "A42"]
[WhiteElo "2231"]
[BlackElo "2225"]
[Annotator "ChessBase"]
[PlyCount "57"]
[EventDate "2020.09.05"]
[EventType "team-tourn"]
[EventCountry "POL"]
[SourceTitle "playchess.com"]
[Source "ChessBase"]
[SourceQuality "1"]
[WhiteTeam "KS LAURA Chylice"]
[BlackTeam "SSz Gminy Pawlowice"]
[WhiteTeamCountry "POL"]
[BlackTeamCountry "POL"]
[TimeControl "40/5400+30:1800+30"]

1. d4 g6 2. c4 Bg7 3. Nc3 d6 4. e4 Nc6 5. Be3 e5 6. d5 Nd4 7. Nge2 Nxe2 8. Bxe2 f5 9. exf5 Bxf5 10. g4 Bd7 11. h4 Qe7 12. Ne4 Nf6 13. f3 Nxe4 14. fxe4 h6 15. Qd2 Bf6 16. Bf2 a5 17. O-O-O Kf7 18. Kb1 Kg7 19. Rh2 a4 20. Rdh1 Kg8 21. Be3 Bg7 22. Rf1 Kh7 23. g5 h5 24. Rhf2 Rhf8 25. Rxf8 Bxf8 26. Qb4 b6 27. Rf2 Kg7 28. Qe1 Qe8 29. Qf1 1/2-1/2